[Event "RUS-ch Blitz Women 2018"]
[Site "Sochi"]
[Date "2018.10.07"]
[Round "10"]
[White "Guseva, Marina"]
[Black "Diakonova, Ekaterina"]
[Result "1/2-1/2"]
[ECO "A58"]
[WhiteElo "2292"]
[BlackElo "2236"]
[Annotator "NA"]
[PlyCount "118"]
[EventDate "2018.10.07"]
[EventType "swiss"]
[EventCountry "RUS"]
[SourceTitle "playchess.com"]
[Source "ChessBase"]
[SourceQuality "1"]
[TimeControl "180+2"]

1. d4 Nf6 2. c4 c5 3. d5 b5 4. cxb5 a6 5. bxa6 g6 6. Nc3 Bg7 7. e4 Qa5 8. Bd2 Bxa6 9. Be2 d6 10. Nf3 O-O 11. O-O Nbd7 12. Bxa6 Qxa6 13. Qc2 Rfb8 14. a4 Ne8 15. Nb5 Qb7 16. Bc3 Nc7 17. Nxc7 Qxc7 18. Bxg7 Kxg7 19. b3 Qa5 20. Rfb1 Qb4 21. h3 Rc8 22. Nd2 Qd4 23. Qb2 Qxb2 24. Rxb2 Ne5 25. f3 c4 26. Nxc4 Nxc4 27. bxc4 Rxc4 28. a5 Ra6 29. Rb5 f5 30. exf5 gxf5 31. Re1 Kf7 32. Rb7 Rc5 33. Rexe7+ Kf6 34. Re6+ Kg5 35. Rxh7 Kf4 36. Rh4+ Kg3 37. Rg6+ Kxh4 38. Kh2 Rc2 39. f4 Rxa5 40. Rxd6 Kh5 41. Rd8 Raa2 42. Rg8 Rd2 43. Rg5+ Kh6 44. d6 Rxd6 45. Rxf5 Rdd2 46. Rg5 Rf2 47. Rg4 Kh7 48. h4 Kh6 49. Kh3 Ra3+ 50. g3 Raa2 51. Rg5 Rg2 52. Rg8 Rg1 53. Rg5 Rf2 54. h5 Rd2 55. Kg4 Rdg2 56. Rg6+ Kh7 57. Kh4 Rh2+ 58. Kg4 Rgh1 59. Rg5 Ra1 1/2-1/2

[Event "RUS-ch Blitz Women 2018"]
[Site "Sochi"]
[Date "2018.10.07"]
[Round "10"]
[White "Lysenko, Margarita"]
[Black "Dordzhieva, Dinara"]
[Result "0-1"]
[ECO "A06"]
[WhiteElo "2210"]
[BlackElo "2340"]
[Annotator "NA"]
[PlyCount "88"]
[EventDate "2018.10.07"]
[EventType "swiss"]
[EventCountry "RUS"]
[SourceTitle "playchess.com"]
[Source "ChessBase"]
[SourceQuality "1"]
[TimeControl "180+2"]

1. Nf3 d5 2. g3 g6 3. Bg2 Bg7 4. O-O e5 5. c4 d4 6. e3 Nc6 7. exd4 exd4 8. Re1+ Nge7 9. d3 O-O 10. Na3 h6 11. Nc2 a5 12. b3 Bf5 13. Nh4 Be6 14. Rb1 Qd7 15. a3 Bg4 16. Qd2 Ne5 17. f4 N5c6 18. Bb2 Rfe8 19. b4 axb4 20. axb4 Ra2 21. b5 Nd8 22. Nb4 Ra8 23. Nf3 Nf5 24. Ne5 Bxe5 25. fxe5 Ne3 26. Nd5 Nxd5 27. Bxd5 c6 28. Bg2 cxb5 29. cxb5 Bh3 30. Be4 Ne6 31. Qxh6 Bg4 32. Rf1 Ng7 33. Rf6 Rxe5 34. Rbf1 Rh5 35. Qf4 Bf5 36. Bxf5 Nxf5 37. g4 Rh4 38. Qg5 Qc7 39. Rxg6+ fxg6 40. Qxg6+ Ng7 41. Rf2 Re8 42. h3 Rxh3 43. Qf6 Qg3+ 44. Rg2 Re1+ 0-1

[Event "RUS-ch Blitz Women 2018"]
[Site "Sochi"]
[Date "2018.10.07"]
[Round "10"]
[White "Sirotkina, Nina"]
[Black "Maletina, Tatiana"]
[Result "1-0"]
[ECO "D00"]
[WhiteElo "2188"]
[BlackElo "2270"]
[Annotator "NA"]
[PlyCount "70"]
[EventDate "2018.10.07"]
[EventType "swiss"]
[EventCountry "RUS"]
[SourceTitle "playchess.com"]
[Source "ChessBase"]
[SourceQuality "1"]
[TimeControl "180+2"]

1. d4 d5 2. Bf4 Nf6 3. e3 c5 4. c3 Nc6 5. Nd2 e6 6. Ngf3 cxd4 7. exd4 Nh5 8. Bg5 f6 9. Nh4 g6 10. Be3 f5 11. Be2 Qxh4 12. g3 Qf6 13. Bxh5 gxh5 14. Qxh5+ Qf7 15. Qf3 Bd7 16. O-O-O O-O-O 17. Bf4 h5 18. Nb3 b6 19. Kb1 Kb7 20. Qd3 a6 21. a4 Bh6 22. Bxh6 Rxh6 23. a5 Nxa5 24. Nxa5+ bxa5 25. c4 dxc4 26. Qxc4 Bb5 27. Qb3 Qd7 28. Rhe1 Qd5 29. Qe3 Rg6 30. Qf4 Rc8 31. Re5 Qb3 32. Qd2 a4 33. d5 Bc4 34. dxe6 Qa2+ 35. Kc1 Bb3+ 1-0

[Event "RUS-ch Blitz Women 2018"]
[Site "Sochi"]
[Date "2018.10.07"]
[Round "10"]
[White "Vinokur, Yuliya"]
[Black "Ambartsumova, Karina"]
[Result "1-0"]
[ECO "A53"]
[WhiteElo "2170"]
[BlackElo "2379"]
[Annotator "NA"]
[PlyCount "105"]
[EventDate "2018.10.07"]
[EventType "swiss"]
[EventCountry "RUS"]
[SourceTitle "playchess.com"]
[Source "ChessBase"]
[SourceQuality "1"]
[TimeControl "180+2"]

1. d4 Nf6 2. c4 d6 3. Nc3 e5 4. e3 Nbd7 5. Nf3 g6 6. dxe5 $11 dxe5 7. Be2 Bg7 8. O-O O-O 9. b3 Re8 10. Ba3 b6 11. Qd2 Bb7 12. Rfd1 e4 13. Nd4 Ne5 14. Ndb5 Qc8 15. Nd5 Nxd5 16. cxd5 a6 17. Nc3 Qf5 18. Rac1 Rad8 19. Qc2 Ng4 20. Bxg4 Qxg4 21. Bb2 b5 22. Ne2 Bxd5 23. Bxg7 Kxg7 24. Qb2+ Kg8 25. Rxc7 Be6 26. Rcc1 Qg5 27. Nf4 Bg4 28. Rd4 Rxd4 29. Qxd4 Qe5 30. Qxe5 Rxe5 31. Rc6 a5 32. h3 Bd7 33. Rd6 Be8 34. Rd8 Kg7 35. Nd5 Bc6 36. Nf4 h6 37. Ne2 Rc5 38. Nd4 Bd5 39. Rb8 b4 40. Rd8 Bb7 41. Rd7 Bd5 42. Kh2 h5 43. Kg3 Kf6 44. h4 Kg7 45. Kf4 Kf6 46. f3 exf3 47. gxf3 Kg7 48. e4 Bc6 49. Ne6+ Kf6 50. Nxc5 Bxd7 51. Nxd7+ Ke6 52. Nc5+ Kd6 53. Nb7+ 1-0

[Event "RUS-ch Blitz Women 2018"]
[Site "Sochi"]
[Date "2018.10.07"]
[Round "10"]
[White "Vasilevich, Irina"]
[Black "Borisova, Ekaterina"]
[Result "1-0"]
[ECO "A01"]
[WhiteElo "2160"]
[BlackElo "2256"]
[Annotator "NA"]
[PlyCount "61"]
[EventDate "2018.10.07"]
[EventType "swiss"]
[EventCountry "RUS"]
[SourceTitle "playchess.com"]
[Source "ChessBase"]
[SourceQuality "1"]
[TimeControl "180+2"]

1. b3 d5 2. Bb2 Bg4 3. h3 Bf5 4. e3 Nd7 5. d3 e5 6. Nd2 Ngf6 7. Be2 Bd6 8. a3 a5 9. Ngf3 O-O 10. g4 Bg6 11. Rg1 e4 12. dxe4 dxe4 13. Nh4 Bh2 14. Rg2 Bd6 15. Nxg6 fxg6 16. g5 Nd5 17. Nxe4 N7b6 18. c4 Qe7 19. Nxd6 Nxe3 20. fxe3 cxd6 21. Qd4 Nd7 22. O-O-O Ra6 23. Kb1 Nc5 24. Ka2 a4 25. b4 Nb3 26. Qd5+ Kh8 27. c5 Rc6 28. cxd6 Qd8 29. Bb5 Rc8 30. Bxa4 Rf5 31. Qxb3 1-0

[Event "RUS-ch Blitz Women 2018"]
[Site "Sochi"]
[Date "2018.10.07"]
[Round "10"]
[White "Sukhareva, Evgeniya"]
[Black "Charochkina, Daria"]
[Result "0-1"]
[ECO "A81"]
[WhiteElo "2125"]
[BlackElo "2344"]
[Annotator "NA"]
[PlyCount "60"]
[EventDate "2018.10.07"]
[EventType "swiss"]
[EventCountry "RUS"]
[SourceTitle "playchess.com"]
[Source "ChessBase"]
[SourceQuality "1"]
[TimeControl "180+2"]

1. d4 f5 2. g3 Nf6 3. Bg2 e6 4. c4 d5 5. Nc3 c6 6. b3 Ne4 7. Nxe4 dxe4 8. e3 Bd6 9. Ne2 O-O 10. O-O Nd7 11. Bb2 Nf6 12. f3 exf3 13. Bxf3 Qe7 14. Bg2 Bd7 15. Qc2 e5 16. Rae1 e4 17. Bh3 Nh5 18. Kh1 Qg5 19. Nf4 Qh6 20. Qg2 Rae8 21. Rg1 g5 22. Nxh5 Qxh5 23. Qf1 g4 24. Bg2 Bxg3 25. h3 f4 26. exf4 Qh4 27. Re3 Rxf4 28. Qe2 Rf2 29. Qe1 gxh3 30. Bxe4 Rh2# 0-1

[Event "RUS-ch Blitz Women 2018"]
[Site "Sochi"]
[Date "2018.10.07"]
[Round "10"]
[White "Kabanova, Ekaterina"]
[Black "Bivol, Alina"]
[Result "1-0"]
[ECO "A15"]
[WhiteElo "2082"]
[BlackElo "2403"]
[Annotator "NA"]
[PlyCount "81"]
[EventDate "2018.10.07"]
[EventType "swiss"]
[EventCountry "RUS"]
[SourceTitle "playchess.com"]
[Source "ChessBase"]
[SourceQuality "1"]
[TimeControl "180+2"]

1. c4 Nf6 2. Nf3 g6 3. b3 Bg7 4. Bb2 O-O 5. e3 c6 6. Be2 {[%emt 0:00:09] A15: English Opening: 1...Nf6} d5 7. d3 (7. O-O dxc4 8. bxc4 c5 9. d4 cxd4 10. exd4 e6 11. Nc3 Nc6 12. Ba3 Re8 13. Nb5 Ne4 14. Qd3 a6 15. Qxe4 axb5 {0-1 (72) Radjabov,T (2734)-Aronian,L (2797) Beijing 2014}) 7... Re8 8. Qc2 Nbd7 9. Nbd2 e5 10. Rc1 $146 ({Predecessor:} 10. cxd5 Nxd5 11. a3 {½-½ (42) Sobeck,G (2080)-Medunova,V (2118) Siebenlehn 2012}) 10... e4 11. dxe4 dxe4 12. Nd4 Nc5 13. b4 Nd3+ 14. Bxd3 exd3 15. Qxd3 a5 16. a3 axb4 17. axb4 b6 18. c5 bxc5 19. bxc5 Ng4 20. O-O Qc7 21. g3 Ne5 22. Qc2 Ba6 23. Rfd1 Reb8 24. Ra1 Bd3 25. Qc3 Rxa1 26. Rxa1 Bb5 27. Qc2 h5 28. h4 Ng4 29. N2f3 Rd8 30. Nxb5 cxb5 31. Bxg7 Kxg7 32. Qb2+ Kg8 33. Qxb5 Nxe3 34. Qb6 Qe7 35. fxe3 Qxe3+ $14 36. Kg2 Qe2+ 37. Kh3 Rd3 38. Ra8+ Kg7 39. c6 Qf1+ 40. Kh2 Qxf3 41. Qb2+ 1-0

[Event "RUS-ch Blitz Women 2018"]
[Site "Sochi"]
[Date "2018.10.07"]
[Round "11"]
[White "Bivol, Alina"]
[Black "Borisova, Ekaterina"]
[Result "1-0"]
[ECO "A05"]
[WhiteElo "2403"]
[BlackElo "2256"]
[Annotator "NA"]
[PlyCount "45"]
[EventDate "2018.10.07"]
[EventType "swiss"]
[EventCountry "RUS"]
[SourceTitle "playchess.com"]
[Source "ChessBase"]
[SourceQuality "1"]
[TimeControl "180+2"]

1. Nf3 Nf6 2. g3 g6 3. Bg2 Bg7 4. d4 d5 5. O-O O-O 6. Nbd2 b6 7. c4 c6 8. b3 Bb7 9. Bb2 Nbd7 10. Ne5 Rc8 11. e3 Ne8 12. Rc1 f6 $16 ({Black should play} 12... Nd6 $14) 13. Nxd7 Qxd7 14. e4 dxe4 15. Nxe4 f5 16. Ng5 h6 17. Nf3 c5 18. Re1 Bxf3 19. Bxf3 cxd4 20. Bd5+ Kh7 21. Be6 Qd8 22. Bxc8 Qxc8 23. Rxe7 1-0

[Event "RUS-ch Blitz Women 2018"]
[Site "Sochi"]
[Date "2018.10.07"]
[Round "11"]
[White "Gritsayeva, Oksana"]
[Black "Shuvalova, Polina"]
[Result "1-0"]
[ECO "B11"]
[WhiteElo "2378"]
[BlackElo "2421"]
[Annotator "NA RC"]
[PlyCount "113"]
[EventDate "2018.10.07"]
[EventType "swiss"]
[EventCountry "RUS"]
[SourceTitle "playchess.com"]
[Source "ChessBase"]
[SourceQuality "1"]
[TimeControl "180+2"]

1. e4 c6 2. Nc3 d5 3. Nf3 Bg4 4. Be2 e6 5. O-O Nf6 6. h3 Bxf3 7. Bxf3 Be7 8. d3 O-O 9. Qe2 Re8 10. g3 Qc7 11. Bg2 Nbd7 12. Bf4 $11 e5 13. Bd2 d4 14. Nd1 Bd6 15. Kh1 c5 16. a4 Nf8 17. b3 b6 18. Nb2 Qd7 19. Nc4 Bc7 20. Kh2 Rab8 21. f4 exf4 22. gxf4 Ng6 23. Qf2 a6 24. e5 Nd5 25. Qf3 Rbd8 26. Qg4 b5 27. axb5 axb5 28. Qxd7 Rxd7 29. Nd6 Bxd6 30. Bxd5 Ne7 31. Be4 Bc7 32. Ra7 Red8 33. Rfa1 g6 34. Rb7 g5 35. Rxb5 gxf4 36. Bxf4 Ng6 37. Bxg6 fxg6 38. Ra6 Rf7 39. Bg3 Rf5 40. Rxc5 Bb8 41. Ra8 Rdf8 42. Rb5 Bc7 43. Rxf8+ Kxf8 44. Rd5 Ke7 45. Kg2 Ke6 46. Rxd4 Rf8 47. Re4 Bb6 48. c4 Rd8 49. b4 Rxd3 50. c5 Bc7 51. b5 Rd2+ 52. Kf3 Rd3+ 53. Re3 Rd5 54. b6 Bb8 55. Rc3 Kd7 56. c6+ Kc8 57. c7 1-0

[Event "RUS-ch Blitz Women 2018"]
[Site "Sochi"]
[Date "2018.10.07"]
[Round "11"]
[White "Voit, Daria"]
[Black "Ambartsumova, Karina"]
[Result "1-0"]
[ECO "A13"]
[WhiteElo "2352"]
[BlackElo "2379"]
[Annotator "NA"]
[PlyCount "135"]
[EventDate "2018.10.07"]
[EventType "swiss"]
[EventCountry "RUS"]
[SourceTitle "playchess.com"]
[Source "ChessBase"]
[SourceQuality "1"]
[TimeControl "180+2"]

1. Nf3 Nf6 2. c4 e6 3. g3 d5 4. Bg2 dxc4 5. Qa4+ c6 6. Qxc4 b5 7. Qc2 Bb7 8. d4 Nbd7 9. O-O c5 10. Rd1 Qb6 11. Nc3 Be7 12. h3 O-O 13. Be3 cxd4 14. Bxd4 Bc5 15. Qd3 a6 16. Bxc5 Nxc5 17. Qe3 Qc7 18. Rac1 Qe7 19. Nxb5 axb5 20. Qxc5 Qxc5 21. Rxc5 Rxa2 22. Rxb5 Ba6 23. Rb6 Bxe2 24. Rd2 Bc4 25. Ne5 Bd5 26. Ng4 Bxg2 27. Nxf6+ gxf6 28. Kxg2 Rc8 29. Rb7 f5 30. Rdd7 Rc2 31. Rxf7 Raxb2 32. Rg7+ Kf8 33. Rxb2 Rxb2 34. Rxh7 Kg8 35. Re7 Rb6 36. Kf3 Kf8 37. Rd7 Rb4 38. g4 fxg4+ 39. hxg4 Rc4 40. Kg3 Rc2 41. f4 Rc4 42. g5 Ra4 43. Rc7 Rb4 44. Kf3 Ra4 45. Ke3 Rb4 46. Rd7 Ra4 47. Rd4 Ra1 48. Ke4 Re1+ 49. Kf3 Kf7 50. Rd7+ Kf8 51. Kg4 Re4 52. Kf3 Ra4 53. Ke3 Rb4 54. Rd4 Rb1 55. Ke4 Re1+ 56. Kf3 Kf7 57. Rd7+ Kf8 58. g6 Rf1+ 59. Kg4 Rg1+ 60. Kh5 Ke8 61. Rb7 Kf8 62. Kh6 Rh1+ 63. Kg5 Rf1 64. Rf7+ Kg8 65. Re7 Re1 66. Kf6 Kf8 67. g7+ Kg8 68. Re8+ 1-0

[Event "RUS-ch Blitz Women 2018"]
[Site "Sochi"]
[Date "2018.10.07"]
[Round "11"]
[White "Dordzhieva, Dinara"]
[Black "Charochkina, Daria"]
[Result "1-0"]
[ECO "A06"]
[WhiteElo "2340"]
[BlackElo "2344"]
[Annotator "NA"]
[PlyCount "67"]
[EventDate "2018.10.07"]
[EventType "swiss"]
[EventCountry "RUS"]
[SourceTitle "playchess.com"]
[Source "ChessBase"]
[SourceQuality "1"]
[TimeControl "180+2"]

1. Nf3 d5 2. g3 Bg4 3. Bg2 Nd7 4. d4 Ngf6 5. h3 Bxf3 6. Bxf3 e5 7. dxe5 Nxe5 8. Bg2 c6 9. O-O Be7 10. b3 O-O 11. Bb2 Ng6 12. Nd2 a5 13. a4 Qc7 14. Nf3 Rfe8 15. Nd4 Bf8 16. Nf5 Ne4 17. e3 f6 18. Qe2 Rad8 19. Rad1 Kh8 20. h4 Ne7 21. Nd4 Nc8 22. h5 Qe5 23. c4 dxc4 24. Nxc6 Qc7 25. Nxd8 c3 26. Bxe4 cxb2 27. Qxb2 Rxe4 28. Qc1 Qb8 29. Nf7+ Kg8 30. Rd8 Rg4 31. Kg2 Kxf7 32. Rxc8 Qe5 33. Rxf8+ Kxf8 34. Qc8+ 1-0

[Event "RUS-ch Blitz Women 2018"]
[Site "Sochi"]
[Date "2018.10.07"]
[Round "11"]
[White "Tomilova, Elena"]
[Black "Maltsevskaya, Aleksandra"]
[Result "0-1"]
[ECO "A49"]
[WhiteElo "2328"]
[BlackElo "2290"]
[Annotator "NA"]
[PlyCount "86"]
[EventDate "2018.10.07"]
[EventType "swiss"]
[EventCountry "RUS"]
[SourceTitle "playchess.com"]
[Source "ChessBase"]
[SourceQuality "1"]
[TimeControl "180+2"]

1. d4 Nf6 2. Nf3 g6 3. g3 Bg7 4. Bg2 O-O 5. O-O d6 6. a4 a5 7. Nc3 Na6 8. e4 c5 9. d5 Rb8 10. Re1 Nd7 11. Bf4 $14 Nc7 12. Qd2 Re8 13. Bh6 Bh8 14. Bf1 Nf6 15. h3 Bd7 16. Ra2 b5 17. axb5 Nxb5 18. Nxb5 Bxb5 19. c4 Bd7 20. e5 dxe5 21. Nxe5 Rb4 22. Re3 Qc7 23. g4 Ne4 24. Rxe4 Bxe5 25. f4 Bh8 26. Qe2 Qd6 27. Bg5 f6 28. Bh4 Bg7 29. Bg3 f5 30. Re5 Reb8 31. gxf5 Bxf5 32. Rxe7 Rxb2 33. Rxg7+ Kxg7 34. Rxb2 Rb4 35. Rxb4 axb4 36. h4 h5 37. Kh2 b3 38. Bh3 Qf6 39. Bxf5 gxf5 40. Qd2 b2 41. Qc2 Qd4 42. Kg2 Qe4+ 43. Qxe4 fxe4 0-1

[Event "RUS-ch Blitz Women 2018"]
[Site "Sochi"]
[Date "2018.10.07"]
[Round "11"]
[White "Guseva, Marina"]
[Black "Vasilevich, Tatjana"]
[Result "1-0"]
[ECO "D35"]
[WhiteElo "2292"]
[BlackElo "2360"]
[Annotator "NA"]
[PlyCount "137"]
[EventDate "2018.10.07"]
[EventType "swiss"]
[EventCountry "RUS"]
[SourceTitle "playchess.com"]
[Source "ChessBase"]
[SourceQuality "1"]
[TimeControl "180+2"]

1. d4 Nf6 2. c4 e6 3. Nc3 d5 4. cxd5 exd5 5. Bg5 Be7 6. e3 O-O 7. Bd3 Nbd7 8. Qc2 c6 9. Nf3 Re8 10. h3 Nf8 11. Bf4 Be6 12. O-O Bd6 13. Ne5 Qe7 14. Bg5 h6 15. Bh4 g5 16. Bg3 Nh5 17. Bh2 f6 18. Ng6 Bxh2+ 19. Kxh2 Qd6+ 20. Kg1 Bf7 21. Nxf8 Kxf8 22. Rad1 Kg8 23. Ne2 Re7 24. Bg6 Ng7 25. Bxf7+ Rxf7 26. Qg6 h5 27. Ng3 Kf8 28. Nxh5 Nxh5 29. Qxh5 Ke7 30. Qg6 Rh8 31. e4 dxe4 32. Qxe4+ Kf8 33. d5 c5 34. Rfe1 Kg7 35. Qf5 Re7 36. Rxe7+ Qxe7 37. d6 Qe5 38. Qxe5 fxe5 39. Rd5 Rd8 40. Rxe5 Kf6 41. Rxc5 Rxd6 42. Rc2 b5 43. g3 a6 44. Kg2 Kf5 45. Kf3 Rd3+ 46. Ke2 Rd6 47. Rc5+ Kf6 48. b3 Kg6 49. a4 bxa4 50. bxa4 Kf6 51. Ra5 Kg6 52. Kf3 Rf6+ 53. Kg4 Rxf2 54. Rxa6+ Kg7 55. Kxg5 Rf3 56. Kg4 Ra3 57. h4 Rb3 58. Kf4 Rb4+ 59. Kg5 Rb3 60. Ra7+ Kf8 61. g4 Kg8 62. h5 Rb6 63. a5 Rd6 64. Kh4 Rd4 65. a6 Ra4 66. h6 Ra5 67. g5 Rb5 68. Kh5 Ra5 69. Kg6 1-0

[Event "RUS-ch Blitz Women 2018"]
[Site "Sochi"]
[Date "2018.10.07"]
[Round "11"]
[White "Styazhkina, Anna"]
[Black "Kabanova, Ekaterina"]
[Result "1-0"]
[ECO "B40"]
[WhiteElo "2268"]
[BlackElo "2082"]
[Annotator "NA"]
[PlyCount "91"]
[EventDate "2018.10.07"]
[EventType "swiss"]
[EventCountry "RUS"]
[SourceTitle "playchess.com"]
[Source "ChessBase"]
[SourceQuality "1"]
[TimeControl "180+2"]

1. e4 c5 2. Nf3 e6 3. c4 a6 4. Nc3 Qc7 5. Be2 b6 6. O-O Bb7 7. d4 cxd4 8. Nxd4 Nf6 9. f3 Bd6 10. Kh1 $14 Be7 11. Be3 d6 12. Qd2 Nbd7 13. Rac1 Rc8 14. Rfd1 Ne5 15. b3 h5 16. Bf1 Qb8 17. Qf2 h4 18. h3 Nh5 19. Nde2 Nd7 20. Nf4 Ng3+ 21. Kg1 Ba8 22. Nd3 Nc5 23. Bf4 Nh5 24. Be3 Bf6 25. b4 Nxd3 26. Bxd3 Ng3 27. Bf4 Be5 28. Bxe5 dxe5 29. Ne2 Nh5 30. Bb1 Nf4 31. Nxf4 exf4 32. Rd2 a5 33. b5 Qc7 34. Rcd1 O-O 35. Bd3 f5 36. exf5 exf5 37. Qxh4 Rf6 38. Re2 Qc5+ 39. Kh2 Rd8 40. Bc2 Rxd1 41. Bxd1 Qd4 42. Re8+ Kf7 43. Rxa8 Qxd1 44. Qh5+ Ke6 45. Qe8+ Kd6 46. Rd8+ 1-0

[Event "RUS-ch Blitz Women 2018"]
[Site "Sochi"]
[Date "2018.10.07"]
[Round "11"]
[White "Vasilevich, Irina"]
[Black "Protopopova, Anastasiya"]
[Result "1-0"]
[ECO "A01"]
[WhiteElo "2160"]
[BlackElo "2308"]
[Annotator "NA"]
[PlyCount "85"]
[EventDate "2018.10.07"]
[EventType "swiss"]
[EventCountry "RUS"]
[SourceTitle "playchess.com"]
[Source "ChessBase"]
[SourceQuality "1"]
[TimeControl "180+2"]

1. b3 d5 2. Bb2 Bf5 3. d3 e6 4. e3 Nf6 5. Be2 Bd6 6. Nd2 O-O 7. g4 Bg6 8. h4 h6 9. g5 hxg5 $18 (9... Nfd7 $16 {keeps fighting.}) 10. hxg5 Nh7 11. f4 Re8 12. Bh5 Nf8 13. Bxg6 fxg6 14. Ngf3 Nbd7 15. Qe2 e5 16. Qh2 Qe7 17. O-O-O Ba3 18. fxe5 Bxb2+ 19. Kxb2 Nxe5 20. Rdf1 Nf7 21. e4 a5 22. exd5 a4 23. Re1 Qb4 24. c3 Qc5 25. Rxe8 Rxe8 26. d4 Qxd5 27. Ne5 Nxe5 28. Qh8+ Kf7 29. Rf1+ Ke7 30. Qxg7+ Kd8 31. Rxf8 Nd3+ 32. Kc2 Ne1+ 33. Kd1 Nd3 34. Rxe8+ Kxe8 35. Qxg6+ Kd7 36. Qxd3 axb3 37. axb3 Qh1+ 38. Kc2 Qg1 39. Qf5+ Kd8 40. Qf6+ Kc8 41. g6 b5 42. g7 Kb7 43. Qf7 1-0

[Event "RUS-ch Blitz Women 2018"]
[Site "Sochi"]
[Date "2018.10.07"]
[Round "11"]
[White "Shafigullina, Zarina"]
[Black "Maletina, Tatiana"]
[Result "1-0"]
[ECO "D78"]
[WhiteElo "2150"]
[BlackElo "2270"]
[Annotator "NA"]
[PlyCount "103"]
[EventDate "2018.10.07"]
[EventType "swiss"]
[EventCountry "RUS"]
[SourceTitle "playchess.com"]
[Source "ChessBase"]
[SourceQuality "1"]
[TimeControl "180+2"]

1. d4 d5 2. Nf3 Nf6 3. g3 c6 4. c4 g6 5. Bg2 Bg7 6. O-O O-O 7. Qb3 Qb6 8. c5 Qxb3 9. axb3 Bf5 10. Nc3 Nbd7 11. b4 a6 12. Bf4 Ne4 13. Nxe4 Bxe4 14. Ne5 Nxe5 15. Bxe4 Nc4 16. b3 dxe4 17. bxc4 Bxd4 18. Rad1 Rad8 19. Bc7 Rd7 20. Bb6 e3 21. Kg2 exf2 22. e3 e5 23. exd4 exd4 24. Rxf2 Re8 25. Rfd2 Re4 26. Kf3 f5 27. Re2 Rxe2 28. Kxe2 Kf7 29. Kd3 Kf6 30. Re1 Kf7 31. Rb1 g5 32. b5 axb5 33. cxb5 Ke6 34. Kc4 f4 35. g4 d3 36. Re1+ Kf6 37. bxc6 bxc6 38. Ba5 d2 39. Bc3+ Kg6 40. Rd1 h5 41. gxh5+ Kxh5 42. Rxd2 Rxd2 43. Bxd2 Kg4 44. Kd4 Kf3 45. Ke5 Kg2 46. Bxf4 gxf4 47. Kxf4 Kxh2 48. Ke5 Kg3 49. Kd6 Kf4 50. Kxc6 Ke5 51. Kb7 Kd5 52. c6 1-0

[Event "RUS-ch Blitz Women 2018"]
[Site "Sochi"]
[Date "2018.10.07"]
[Round "11"]
[White "Sukhareva, Evgeniya"]
[Black "Belenkaya, Dina"]
[Result "0-1"]
[ECO "B19"]
[WhiteElo "2125"]
[BlackElo "2329"]
[Annotator "NA"]
[PlyCount "104"]
[EventDate "2018.10.07"]
[EventType "swiss"]
[EventCountry "RUS"]
[SourceTitle "playchess.com"]
[Source "ChessBase"]
[SourceQuality "1"]
[TimeControl "180+2"]

1. e4 c6 2. d4 d5 3. Nc3 dxe4 4. Nxe4 Bf5 5. Ng3 Bg6 6. Nf3 Nd7 7. h4 h6 8. h5 Bh7 9. Bd3 Bxd3 10. Qxd3 e6 11. Bd2 Ngf6 12. O-O-O Be7 13. Qe2 c5 14. Nf1 cxd4 15. Nxd4 Qb6 16. Be3 Qa5 17. Kb1 Nd5 18. Bc1 Rc8 19. Nxe6 fxe6 20. Qxe6 Rc5 21. Qg6+ Kd8 22. Rh3 Bf6 23. Qg4 Ne5 24. Qe4 Kc8 25. f4 Nc6 26. Rb3 Rd8 27. Ne3 Nxe3 28. Rxd8+ Qxd8 29. Rxe3 Rd5 30. Qc4 Kb8 31. Rb3 Qd7 32. Qe4 a6 33. f5 Rd1 34. a3 Bg5 35. Ka2 Bxc1 36. Rb6 Bg5 37. a4 Bd8 38. Rb3 Rd4 39. Qe3 Rxa4+ 40. Ra3 Rxa3+ 41. Qxa3 Qd5+ 42. Kb1 Be7 43. Qg3+ Qe5 44. Qd3 Bf6 45. c3 Ka7 46. g4 Qc5 47. Ka2 Ne5 48. Qe4 Nc4 49. Qe2 Qb5 50. Qf2+ Ka8 51. Qe2 Qxb2+ 52. Qxb2 Nxb2 0-1

[Event "RUS-ch Blitz Women 2018"]
[Site "Sochi"]
[Date "2018.10.07"]
[Round "12"]
[White "Kashlinskaya, Alina"]
[Black "Diakonova, Ekaterina"]
[Result "1/2-1/2"]
[ECO "A50"]
[WhiteElo "2447"]
[BlackElo "2236"]
[Annotator "ChessBase"]
[PlyCount "80"]
[EventDate "2018.10.07"]
[EventType "swiss"]
[EventCountry "RUS"]
[SourceTitle "playchess.com"]
[Source "ChessBase"]
[SourceQuality "1"]
[TimeControl "180+2"]

1. d4 Nf6 2. c4 b6 3. f3 Nc6 4. Nc3 e5 5. d5 Nb8 6. e4 a5 7. Bd3 Na6 8. Nge2 Bc5 9. Na4 O-O 10. Nxc5 Nxc5 11. Bc2 Ba6 12. b3 d6 13. Be3 Nfd7 14. O-O b5 15. cxb5 Bxb5 16. Qd2 Qe7 17. Rfc1 Rfb8 18. Rab1 Bxe2 19. Qxe2 Na6 20. Bd3 Ndc5 21. Bb5 Rb6 22. Bxa6 Rbxa6 23. Bxc5 dxc5 24. Qe3 a4 25. Qxc5 Qxc5+ 26. Rxc5 axb3 27. axb3 Ra2 28. Rxc7 Rd2 29. Rbc1 f5 30. b4 Raa2 31. Rc8+ Kf7 32. R8c7+ Kg6 33. R1c6+ Kh5 34. g4+ Kh4 35. Rc1 Rg2+ 36. Kf1 Raf2+ 37. Ke1 Re2+ 38. Kd1 Rd2+ 39. Ke1 Rge2+ 40. Kf1 Rf2+ 1/2-1/2

[Event "RUS-ch Blitz Women 2018"]
[Site "Sochi"]
[Date "2018.10.07"]
[Round "12"]
[White "Shuvalova, Polina"]
[Black "Gritsayeva, Oksana"]
[Result "1-0"]
[ECO "B40"]
[WhiteElo "2421"]
[BlackElo "2378"]
[Annotator "ChessBase"]
[PlyCount "119"]
[EventDate "2018.10.07"]
[EventType "swiss"]
[EventCountry "RUS"]
[SourceTitle "playchess.com"]
[Source "ChessBase"]
[SourceQuality "1"]
[TimeControl "180+2"]

1. e4 c5 2. Nf3 e6 3. c3 d5 4. exd5 Qxd5 5. d4 Nf6 6. Na3 cxd4 7. Nb5 Qd8 8. Qxd4 Qxd4 9. Nfxd4 Na6 10. Be2 Bc5 11. O-O O-O 12. Bg5 Bd7 13. Bf3 Bxd4 14. Nxd4 Nc5 15. Rad1 Rac8 16. Bxf6 gxf6 17. b3 b6 18. c4 Rfd8 19. Rfe1 Be8 20. g3 Rd6 21. Nc2 Rcd8 22. Nb4 Kf8 23. Rxd6 Rxd6 24. Rd1 Ke7 25. Kg2 f5 26. h4 a5 27. Nc2 Rxd1 28. Bxd1 Kd6 29. Nd4 Nd3 30. Bc2 Nb4 31. Bb1 Kc5 32. Ne2 Bc6+ 33. f3 Bb7 34. Kf2 Nc6 35. Ke3 b5 36. cxb5 Kxb5 37. Bd3+ Kb4 38. Kd2 Ka3 39. Nc3 Nb4 40. Bc4 Nxa2 41. Nxa2 Kxa2 42. b4+ Ka3 43. bxa5 Kb4 44. a6 Bxf3 45. Be2 Ba8 46. Ke3 Ka5 47. Kf4 Kb6 48. Ke5 Be4 49. Kf6 Ka7 50. Kxf7 e5 51. Kf6 f4 52. g4 f3 53. Bf1 Bc6 54. Kxe5 Bd7 55. Kf4 Bc8 56. Kxf3 Bxa6 57. Bxa6 Kxa6 58. Kf4 Kb6 59. Ke5 Kc6 60. Ke4 {Kd5+} 1-0

[Event "RUS-ch Blitz Women 2018"]
[Site "Sochi"]
[Date "2018.10.07"]
[Round "12"]
[White "Ambartsumova, Karina"]
[Black "Voit, Daria"]
[Result "0-1"]
[ECO "A46"]
[WhiteElo "2379"]
[BlackElo "2352"]
[Annotator "ChessBase"]
[PlyCount "31"]
[EventDate "2018.10.07"]
[EventType "swiss"]
[EventCountry "RUS"]
[SourceTitle "playchess.com"]
[Source "ChessBase"]
[SourceQuality "1"]
[TimeControl "180+2"]

1. d4 Nf6 2. Nf3 e6 3. Bf4 d5 4. e3 c5 5. c3 Nc6 6. Nbd2 Bd6 7. Bg3 O-O 8. Bb5 a6 9. Bxc6 bxc6 10. Qa4 Bxg3 11. fxg3 Qb6 12. h4 Nd7 13. Qa3 a5 14. O-O Ba6 15. c4 cxd4 16. Rfc1 0-1